 Dungeon Crawl Stone Soup version 0.17-a0-1510-gb3fb22e (webtiles) character file.

6405 patman the Grappler (level 10, -5/70 HPs)
             Began as a Demigod Transmuter on July 10, 2015.
             Slain by a wyvern (16 damage)
             ... on level 9 of the Dungeon on July 11, 2015.
             The game lasted 00:31:23 (10840 turns).

patman the Grappler (Demigod Transmuter)           Turns: 10840, Time: 00:31:23

Health: -5/70      AC:  2    Str: 17    XL:     10   Next: 39%
Magic:  12/15      EV: 20    Int: 19    God:
Gold:   311        SH:  0    Dex: 21    Spells: 2 memorised, 4 levels left

rFire  . . .     SeeInvis .       - Unarmed
rCold  . . .     Clarity  .     (armour currently unavailable)
rNeg   . . .     SustAt   +     (shield currently unavailable)
rPois  .         Gourm    .     (helmet currently unavailable)
rElec  .         Spirit   .     (cloak currently unavailable)
rCorr  .         Warding  .     (gloves currently unavailable)
rMut   .         Stasis   .     (boots currently unavailable)
MR     +....                    (no amulet)
Stlth  ++........               N - ring of poison resistance
                                r - ring of flight

@: spider-form, somewhat resistant to hostile enchantments, unstealthy
A: high mp 1, sustain attributes
a: End Transformation, Evoke Flight


You were on level 9 of the Dungeon.
You were not hungry.
You were a venomous arachnid creature.
You visited 1 branch of the dungeon, and saw 9 of its levels.

You collected 511 gold pieces.
You spent 200 gold pieces at shops.

Inventory:

Missiles
 a - 113 arrows
 m - 315 stones (quivered)
Armour
 l - a +0 cloak (melded)
 o - a +0 plate armour
 s - a +1 robe of the Archmagi (melded)
 v - a +2 leather armour of cold resistance
 K - a +0 pair of gloves (melded)
 O - a +0 hat (melded)
Jewellery
 r - a ring of flight (left front leg)
 N - a ring of poison resistance (right front leg)
Magical devices
 u - a wand of cold (6)
 A - a wand of disintegration (4)
 G - a wand of frost (14)
 I - a wand of draining (8)
 M - a wand of cold (4)
Scrolls
 g - a scroll of recharging
 i - 4 scrolls of amnesia
 j - a scroll of teleportation
 k - 2 scrolls of blinking
 t - 2 scrolls of remove curse
 w - a scroll of noise
 y - a scroll of magic mapping {unknown}
 D - a scroll of immolation {unknown}
 E - a scroll of fear {unknown}
 F - a scroll of vulnerability {unknown}
Potions
 b - a potion of lignification
 e - a potion of cancellation
 f - a potion of flight
 h - a potion of agility
 n - a potion of brilliance
 p - 2 potions of magic
 q - 3 potions of might
 x - 2 potions of degeneration
 z - a potion of invisibility
 B - a potion of curing {unknown}
 J - a potion of berserk rage {unknown}
 L - a potion of mutation {unknown}
Books
 c - a book of Changes

   Spells                             Type                      Level
   a - Beastly Appendage              Transmutation                1
   b - Sticks to Snakes               Transmutation                2
   c - Spider Form                    Transmutation/Poison         3
   d - Ice Form                       Ice/Transmutation            4
   e - Blade Hands                    Transmutation                5
Comestibles
 d - 11 bread rations
 C - 3 meat rations
 H - 2 fruits


   Skills:
 - Level 0.8 Fighting
 - Level 1.7 Dodging
 * Level 13.2 Unarmed Combat
 - Level 1.7 Spellcasting
 - Level 5.5 Transmutations
 - Level 3.5 Poison Magic


You had 4 spell levels left.
You knew the following spells:

 Your Spells              Type           Power        Failure   Level  Hunger
H - Blade Hands           Trmt           ###.......   82%         5    ######.
S - Spider Form           Trmt/Pois      ###.......   28%         3    ###....


Dungeon Overview and Level Annotations

Branches:
Dungeon (9/15)             Temple (0/1) D:4
   Lair: D:8-11         Orc: D:9-12

Shops:
D:4 (   D:8 *

Annotations:
D:7 Rayvis's ghost, experienced MiFi


Innate Abilities, Weirdness & Mutations

You have an increased reservoir of magic (+10% MP).
Your attributes are resistant to harm.


Message History

You feel a surge of power!
You turn into a venomous arachnid creature.
Your +0 cloak melds into your body.
Your +0 hat melds into your body.
Your +0 pair of gloves melds into your body.
Your +1 robe of the Archmagi melds into your body.
You feel strangely numb.
Things that are here:
a flail; a leather armour The wyvern barely misses you.
The wyvern bites you!
* * * LOW HITPOINT WARNING * * *
You are too injured to fight recklessly!
You are too injured to fight recklessly!
You bite the wyvern!
The wyvern is poisoned.
The wyvern is heavily wounded.
The wyvern bites you.
* * * LOW HITPOINT WARNING * * *
You hit the wyvern.
The wyvern is severely wounded.
The wyvern bites you!
You die...

#..# #......#.#
#.. #.##.....#
#..###.##.#####
#.)##.##.#
#...#..#.#
#.>.##.#.#
##)....#.#
#))####.# #s.#
#.# #l.# #.#
...# #.# ....#
#.# .....# #.#
.......
.......#
..#.....#


You could see a wyvern.

Vanquished Creatures
  Gastronok (D:8)
  The ghost of mrath the Cleaver, an experienced HOFi of Makhleb (D:8)
  Pikel (D:6)
  Grinder (D:6)
  A two-headed ogre (D:8)
  Sigmund (D:5)
  The ghost of namelastname112 the Sneak, an average DrVM (D:4)
  Menkaure (D:5)
  2 orc warriors (D:7)
  3 ogres
  A water moccasin (D:6)
  2 ice beasts (D:7)
  4 sky beasts
  3 centaurs
  4 phantoms
  5 giant frogs
  2 scorpions
  A wyvern skeleton (D:3)
  A quasit (D:9)
  2 crimson imps (D:5)
  A centaur zombie (D:8)
  2 orc priests
  An iguana (D:4)
  2 jellies (D:8)
  5 orc wizards
  Jessica (D:3)
  A giant frog skeleton (D:7)
  2 worker ants
  A hound zombie (D:8)
  4 gnolls (D:2)
  A worker ant zombie (D:9)
  8 adders
  A shadow imp (D:5)
  2 oozes (D:2)
  An adder zombie (D:5)
  7 worms
  34 orcs
  2 bat skeletons
  3 giant cockroaches
  16 hobgoblins
  10 jackals
  11 kobolds
  2 quokkas
  A ball python (D:3)
  14 bats
  11 giant geckos
  6 giant newts
  13 goblins
  14 rats
215 creatures vanquished.

Vanquished Creatures (others)
  A hound (D:6)
  An orc (D:6)
2 creatures vanquished.

Grand Total: 217 creatures vanquished

Notes
Turn   | Place    | Note
--------------------------------------------------------------
     0 | D:1      | patman the Demigod Transmuter began the quest for the Orb.
     0 | D:1      | Reached XP level 1. HP: 15/15 MP: 5/5
   411 | D:1      | Reached XP level 2. HP: 16/22 MP: 5/7
   683 | D:1      | Reached skill level 3 in Transmutations
   980 | D:1      | HP: 1/22 [giant gecko (4)]
  1551 | D:2      | Reached XP level 3. HP: 27/27 MP: 6/8
  1611 | D:2      | Found a shattered altar of Ashenzari.
  1636 | D:2      | Learned a level 3 spell: Spider Form
  1800 | D:2      | Reached skill level 1 in Poison Magic
  1804 | D:2      | Reached XP level 4. HP: 25/34 MP: 5/9
  2540 | D:3      | Reached XP level 5. HP: 19/39 MP: 6/10
  2569 | D:3      | Noticed Jessica
  2576 | D:3      | Killed Jessica
  2976 | D:3      | Found a sacrificial altar of Ru.
  3060 | D:3      | Found a snail-covered altar of Cheibriados.
  3085 | D:3      | Found a bloodstained altar of Trog.
  3085 | D:3      | Found an ancient bone altar of Kikubaaqudgha.
  3127 | D:3      | Found a shadowy altar of Dithmenos.
  3171 | D:3      | Reached skill level 4 in Transmutations
  3651 | D:4      | Noticed namelastname112's ghost (average DrVM)
  3839 | D:4      | Noticed a phantom
  4103 | D:4      | Found a staircase to the Ecumenical Temple.
  4305 | D:4      | Reached XP level 6. HP: 46/46 MP: 11/11
  4659 | D:5      | Entered Level 5 of the Dungeon
  4715 | D:5      | Reached skill level 5 in Transmutations
  4716 | D:5      | Upgraded the game from 0.17-a0-1508-ge7f3dc3 to 0.17-a0-1510-gb3fb22e
  4941 | D:5      | Noticed Sigmund
  4965 | D:5      | Killed Sigmund
  4965 | D:5      | Reached XP level 7. HP: 7/51 MP: 10/12
  5397 | D:5      | Noticed Menkaure
  5402 | D:5      | Reached skill level 5 in Unarmed Combat
  5696 | D:5      | Killed Menkaure
  6212 | D:4      | Reached skill level 6 in Unarmed Combat
  6265 | D:4      | Found Sawnoos's Weapon Emporium.
  6278 | D:4      | Killed namelastname112's ghost
  6325 | D:4      | Killed a phantom
  6325 | D:4      | Reached XP level 8. HP: 40/58 MP: 10/13
  6500 | D:5      | Reached skill level 7 in Unarmed Combat
  6730 | D:6      | Noticed Pikel
  6742 | D:6      | Killed Pikel
  6742 | D:6      | Reached skill level 8 in Unarmed Combat
  7141 | D:6      | Reached skill level 9 in Unarmed Combat
  7500 | D:6      | Found a shimmering altar of Xom.
  7593 | D:6      | Noticed Grinder
  7603 | D:6      | Killed Grinder
  7674 | D:6      | Reached XP level 9. HP: 44/63 MP: 11/14
  7942 | D:7      | Noticed Rayvis's ghost (experienced MiFi)
  7969 | D:7      | Learned a level 5 spell: Blade Hands
  8219 | D:7      | Reached skill level 10 in Unarmed Combat
  9199 | D:7      | Reached skill level 11 in Unarmed Combat
  9281 | D:8      | Found Vyromp's Serpentskin Sales.
  9285 | D:8      | Bought an uncursed ring of poison resistance for 200 gold pieces
  9498 | D:8      | Noticed mrath's ghost (experienced HOFi)
  9824 | D:8      | Killed mrath's ghost
 10312 | D:8      | Reached skill level 12 in Unarmed Combat
 10427 | D:8      | Noticed Gastronok
 10515 | D:8      | Killed Gastronok
 10515 | D:8      | Reached skill level 13 in Unarmed Combat
 10515 | D:8      | Reached XP level 10. HP: 27/70 MP: 13/15
 10840 | D:9      | Slain by a wyvern

Vault maps used:
D:1:      erik_arrival_cave_to_civilisation
D:2:      overflow_temple_1_default
D:3:      cheibriados_altar_1, nicolae_ru_sacrificial_ziggurat,
          nicolae_dithmenos_through_a_glass_darkly, grunt_temple_overflow_open,
          minmay_box_of_dots, uniq_jessica
D:4:      serial_shops, shop
D:5:      first_bread, uniq_sigmund, uniq_menkaure
D:6:      xom_teletrap_fun, uniq_grinder, uniq_pikel
D:7:      solitary_fountain, grunt_ministairs_7
D:8:      guppyfry_shop_venom, uniq_gastronok

Action                   |  1- 3 |  4- 6 |  7- 9 | 10-12 || total
-------------------------+-------+-------+-------+-------++-------
Melee: Unarmed           |   174 |   287 |   350 |    36 ||   847
 Cast: Beastly Appendage |    10 |     2 |       |       ||    12
       Spider Form       |     1 |    19 |    34 |     3 ||    57
       Blade Hands       |       |       |     2 |       ||     2
Evoke: Wand              |       |       |     2 |       ||     2
  Use: Scroll            |     1 |     8 |     7 |       ||    16
       Potion            |     1 |     1 |       |       ||     2
 Stab: Sleeping          |     2 |     6 |     2 |     3 ||    13
       Distracted        |       |       |     1 |       ||     1
  Eat: Chunk             |     3 |     8 |    14 |     2 ||    27
       Meat ration       |       |     1 |     1 |       ||     2
       Pizza             |       |       |     2 |       ||     2
       Beef jerky        |       |       |     2 |       ||     2
